Map: Lerilak Crest

Players

Bookman - Winner!

  • Race: Terran Terran
  • League: Gold

capac

  • Race: Terran Terran
  • League: Gold

VOD

Have the link to the VOD?

Description

Time

  • Played on: March 7, 2016, 1:44 p.m.
  • Length: 17:30
Show
View Real Time Build Order
Export as new Build Order

Bookman Terran - Winner!

Build Orders:  

Get SALT Encoding   

  12  0:01  SCV  
  13  0:13  SCV  
  14  0:18  Supply Depot  
  14  0:27  Refinery  
  15  0:28  SCV  
  15  0:43  Barracks  
  15  0:46  SCV  
  16  0:58  SCV  
  17  1:04  Barracks  
  17  1:16  SCV  
  18  1:29  Orbital Command  
  18  1:31  Reaper  
  19  1:52  Reaper  
  20  1:58  Supply Depot  
  20  1:59  SCV  
  21  2:02  Refinery  
  21  2:19  Reaper  
  22  2:41  Reaper  
  22  2:54  Reaper  
  23  3:14  Reaper  
  24  3:26  Reaper  
  25  3:30  SCV  
  26  3:38  Command Center  
  25  4:08  Barracks Tech Lab x2  
  25  4:21  Factory  
  25  4:28  Engineering Bay, SCV  
  26  4:33  Reaper  
  27  4:43  SCV  
  28  4:47  Supply Depot  
  28  4:50  Command Center  
  28  5:01  Command Center, Stimpack  
  28  5:06  Barracks  
  28  5:10  Barracks  
  28  5:12  Barracks  
  28  5:13  Supply Depot  
  28  5:19  Starport  
  28  5:22  Factory Tech Lab  
  28  5:23  Marine x2  
  30  5:30  Orbital Command  
  30  5:33  SCV  
  31  5:50  Marauder x2  
  35  5:59  SCV x2  
  37  6:06  Orbital Command  
  37  6:11  SCV  
  37  6:37  Starport Reactor  
  37  6:39  Siege Tank  
  40  6:40  Marauder, Marine  
  40  6:41  Marauder, Marine  
  40  6:43  SCV x3  
  40  6:44  Orbital Command  
  49  6:55  SCV x2  
  51  7:03  Marauder x2, Marine x2  
  57  7:15  Missile Turret x2  
  57  7:17  SCV x3  
  57  7:22  Medivac  
  62  7:32  Refinery  
  62  7:35  Refinery  
  62  7:44  Refinery  
  62  7:45  Refinery  
  62  7:50  Armory  
  62  7:56  Viking x2  
  66  8:12  Sensor Tower  
  66  8:15  Sensor Tower  
  66  8:18  SCV x2  
  66  8:19  Orbital Command  
  68  8:22  Missile Turret, SCV  
  68  8:24  Marine x2  
  68  8:25  Marauder x2, Marine  
  76  8:30  SCV  
  77  8:46  Marauder  
  77  8:47  Siege Tank  
  77  8:48  Marauder, Marine x2  
  86  9:07  Marauder  
  86  9:08  SCV  
  86  9:09  SCV x3  
  92  9:23  Factory  
  92  9:29  Ghost Academy  
  92  9:30  Terran Vehicle Weapons Level 1  
  92  9:35  Armory  
  92  9:49  Supply Depot  
  92  9:52  Marauder x2, SCV x4  
  100  10:07  Missile Turret  
  100  10:10  Marine  
  100  10:11  Siege Tank, SCV x2, Medivac  
  100  10:13  Missile Turret  
  108  10:32  Factory Tech Lab  
  108  10:37  Terran Vehicle And Ship Armor Level 1  
  108  11:07  Armory  
  108  11:08  Supply Depot  
  108  11:09  Marine, SCV x4  
  108  11:10  Viking x2, Marauder  
  108  11:11  Siege Tank  
  122  11:17  Missile Turret  
  122  11:18  Marauder  
  124  11:30  Personal Cloaking, Marine x3, Siege Tank  
  124  11:31  Marauder  
  132  11:39  Marauder  
  134  11:49  Siege Tank  
  134  11:52  Marauder  
  139  11:56  Barracks Tech Lab, Factory  
  139  11:58  Combat Shields  
  139  11:59  Concussive Shells  
  139  12:17  Marine  
  140  12:37  Refinery  
  140  12:40  Refinery  
  140  12:48  Ghost Academy  
  140  12:50  Ghost Academy  
  140  13:36  Nuke x3  
  140  13:40  Factory Tech Lab  
  140  13:44  Supply Depot x2  
  140  13:45  Supply Depot  
  140  13:47  Supply Depot  
  140  13:52  Marauder, Marine  
  140  13:53  Viking, SCV  
  140  13:54  Viking, SCV  
  139  13:56  Siege Tank  
  139  13:58  Marauder, Siege Tank, Ghost  
  129  14:18  Ghost  
  128  14:29  Siege Tank  
  128  14:30  Siege Tank  
  109  14:44  Marauder x2, Marine x2  
  109  15:01  Siege Tank  
  109  15:02  Siege Tank  
  100  15:40  Nuke x2  
  97  16:09  Viking  
  97  16:10  Marine  
  97  16:11  Marauder  
  96  16:21  Nuke  
  96  16:22  Marine x2  
  96  16:23  Marauder, SCV x2  
  102  16:50  Command Center  
  98  17:01  Marine  
  98  17:02  Marauder, Marine  
  98  17:05  Marine  
  98  17:06  Marauder  
Show
View Real Time Build Order
Export as new Build Order

capac Terran 

Build Orders: MMM Bio 

Get SALT Encoding   

  12  0:00  SCV  
  13  0:13  SCV  
  14  0:19  Supply Depot  
  14  0:25  SCV  
  15  0:40  SCV  
  15  0:42  Barracks  
  16  0:47  Refinery  
  16  0:52  SCV  
  17  1:04  SCV  
  18  1:16  SCV  
  19  1:29  SCV  
  19  1:31  Barracks Reactor  
  20  1:37  Command Center  
  20  1:41  SCV  
  21  1:53  Orbital Command  
  21  2:02  Supply Depot  
  21  2:08  Marine  
  21  2:09  Marine  
  22  2:27  Barracks  
  22  2:30  Factory, Marine  
  23  2:47  Marine  
  23  2:48  Marine  
  24  3:08  Marine x2  
  26  3:19  Marine  
  27  3:21  Hellion  
  27  3:26  Marine x2  
  31  3:42  Marine  
  31  3:44  Marine x2  
  34  4:00  SCV  
  34  4:02  SCV  
  36  4:09  Factory Tech Lab  
  35  4:10  Barracks Tech Lab  
  35  4:12  Barracks  
  35  4:13  Starport  
  35  4:14  SCV  
  35  4:16  Marine x2  
  38  4:21  Orbital Command  
  38  4:29  Marine  
  39  4:31  SCV  
  39  4:34  Marine  
  39  4:38  Siege Tank  
  44  4:40  Marine  
  45  4:51  SCV  
  46  4:54  Starport Reactor  
  46  4:57  Refinery  
  46  5:08  Barracks Reactor  
  46  5:09  Supply Depot  
  46  5:31  SCV x2  
  46  5:32  Siege Tank  
  51  5:37  Supply Depot  
  51  5:38  Medivac  
  53  5:43  SCV  
  53  5:44  Refinery  
  54  5:54  Supply Depot, Marine x5  
  54  5:55  SCV x2  
  61  6:07  SCV  
  61  6:09  SCV  
  61  6:10  Liberator x2  
  63  6:19  SCV  
  64  6:26  SCV  
  64  6:29  Marine x2  
  64  6:30  Marine x3  
  74  6:33  Supply Depot  
  74  6:34  SCV  
  74  6:35  Supply Depot  
  74  6:38  SCV  
  76  6:54  Marine x3, SCV x2  
  78  6:55  Marine x2  
  78  6:57  Stimpack  
  78  6:59  Refinery  
  78  7:00  Supply Depot  
  83  7:05  Engineering Bay  
  83  7:06  SCV x2  
  85  7:16  Marine x2  
  85  7:17  Marine x2  
  85  7:18  Marine, SCV x2  
  92  7:24  Supply Depot  
  92  7:26  Siege Tank  
  95  7:30  SCV x2, Medivac  
  95  7:31  Medivac  
  101  7:42  Marine, Missile Turret  
  102  7:45  Marine x4, SCV  
  107  7:58  Barracks  
  107  7:59  Terran Infantry Weapons Level 1  
  107  8:00  Siege Tank  
  110  8:16  Missile Turret  
  110  8:29  Command Center  
  110  8:36  Siege Tank, SCV, Medivac x2  
  110  8:38  Supply Depot  
  110  8:41  Missile Turret  
  118  8:49  Barracks Reactor  
  118  8:53  Barracks  
  118  8:59  Marine x4, SCV x2  
  118  9:00  Supply Depot  
  124  9:02  Supply Depot  
  124  9:13  Combat Shields  
  124  9:24  Marine x3  
  124  9:25  Marine x2  
  124  9:27  Missile Turret  
  124  9:29  Supply Depot x2  
  129  9:34  Medivac x2  
  129  9:37  Siege Tank  
  136  9:41  Barracks Reactor  
  136  9:42  Marine  
  136  9:45  Engineering Bay  
  137  9:54  Supply Depot  
  137  10:07  Medivac  
  137  10:08  Medivac  
  141  10:15  Missile Turret  
  141  10:16  Missile Turret  
  141  10:17  Marine x2  
  141  10:18  Marine x7  
  141  10:21  Orbital Command  
  150  10:29  Terran Infantry Armor Level 1  
  150  10:31  Armory  
  150  10:45  Medivac x2  
  154  10:51  Starport  
  154  10:53  Supply Depot  
  154  11:06  SCV x2  
  154  11:07  SCV  
  154  11:10  Refinery x2  
  157  11:20  SCV x2  
  157  11:22  SCV  
  157  11:23  Siege Tank  
  163  11:25  Viking x2  
  163  11:29  Starport Reactor  
  163  11:32  Starport  
  167  11:35  Supply Depot  
  167  11:36  Terran Infantry Weapons Level 2  
  167  11:37  SCV x2  
  167  11:38  SCV  
  170  11:45  Missile Turret  
  170  11:57  SCV x3  
  170  12:00  Supply Depot  
  173  12:11  Siege Tank  
  173  12:13  Factory  
  176  12:28  Terran Vehicle Weapons Level 1  
  176  12:30  Missile Turret  
  176  12:31  Supply Depot  
  176  12:33  Starport Reactor  
  176  12:34  Viking  
  176  12:35  Viking x3  
  184  12:37  Terran Infantry Armor Level 2  
  184  12:54  Liberator x2  
  184  13:04  Viking x2  
  184  13:05  Viking x2  
  194  14:10  Marine  
  194  14:11  Marine x3  
  182  15:30  Liberator x4  
  102  16:15  Marine x3  
  102  16:16  Marine x5  
  102  16:17  Marine  
  111  16:33  Marine x4  
  111  16:34  Marine x3  
  96  17:12  Marine  
Tags
 
Composition
MMM Bio
League
GoldGold
Matchup
TvT
Race
Terran
Add a new tag
Caveats
  • Supply blocks, unpowered buildings, or Contaminate may cause inaccurate times.
  • Supply counts are checked every 10 seconds.